 Dungeon Crawl Stone Soup version 0.31-a0-1300-gb6740aa4e6 (webtiles) character file.

Game seed: 7857211997071329518

2048 croobank the Conjurer (level 9, -4/65 HPs)
             Began as a Demonspawn Conjurer on Dec 18, 2023.
             Was an Initiate of Gozag.
             Shot with an arrow by a centaur (13 damage)
             ... on level 7 of the Dungeon.
             The game lasted 00:34:48 (7589 turns).

croobank the Conjurer (Demonspawn Conjurer)         Turns: 7589, Time: 00:34:48

Health: -4/65      AC:  7    Str:  7    XL:     9   Next: 4%
Magic:  2/15       EV: 13    Int: 29    God:    Gozag
Gold:   201        SH:  0    Dex: 12    Spells: 7/17 levels left

rFire   . . .        w - +5 whip (venom)
rCold   . . .        (no shield)
rNeg    . . .        a - +0 robe
rPois   .            (no helmet)
rElec   .            E - +2 cloak
rCorr   .            (no gloves)
SInv    .            (no boots)
Will    .....        (no amulet)
Stlth   +++          u - +6 ring of intelligence
HPRegen 0.30/turn    F - ring of wizardry
MPRegen 0.14/turn

%: wizardry (x1)
@: gold aura
A: hooves 2, slimy green scales 1, foul stench 3
a: Renounce Religion, Potion Petition, Call Merchant, Bribe Branch


You were on level 7 of the Dungeon.
You worshipped Gozag.
Gozag was aware of your devotion.
You visited 2 branches of the dungeon, and saw 8 of its levels.

You collected 304 gold pieces.
You paid 103 gold pieces to Gozag.

Inventory:

Hand Weapons
 i - a +2 flail of protection
 w - a +5 whip of venom (weapon)
Missiles
 b - a curare-tipped dart
 l - 2 silver javelins
 t - 6 darts of dispersal
 x - 6 poisoned darts
 D - 2 javelins (quivered)
Armour
 a - a +0 robe (worn)
 f - a +0 ring mail
 m - a +0 tower shield
 q - a +0 leather armour
 E - a +2 cloak (worn)
Jewellery
 h - a +6 ring of dexterity
 u - a +6 ring of intelligence (left hand)
 v - a ring of poison resistance
 F - a ring of wizardry (right hand)
Scrolls
 e - 2 scrolls of revelation
 j - 2 scrolls of teleportation
 p - a scroll of immolation
 y - 3 scrolls of enchant armour
Potions
 d - 2 potions of curing
 g - a potion of enlightenment
 k - a potion of cancellation
 n - a potion of haste
 o - a potion of lignification
 r - a potion of berserk rage {unknown}
 A - 2 potions of attraction {unknown}
 B - 2 potions of brilliance {unknown}
 C - a potion of mutation {unknown}


   Skills:
 + Level 4.1 Fighting
 + Level 1.6 Maces & Flails
 + Level 4.5 Dodging
 + Level 5.0 Stealth
 + Level 4.6 Spellcasting
 + Level 6.1 Conjurations
 + Level 4.0 Hexes
 + Level 2.6 Translocations


You had 7 spell levels left.
You knew the following spells:

 Your Spells              Type           Power      Damage    Failure   Level
a - Magic Dart            Conj           100%       1d8       1%          1
b - Searing Ray           Conj           84%        2d7       1%          2
c - Dazzling Flash        Conj/Hex       72%        N/A       1%          3
d - Iskenderun's Mystic   Conj/Tloc      32%        2d8       4%          4

Your spell library contained the following spells:

 Spells                   Type           Power      Damage    Failure   Level
 Apportation              Tloc           44%        N/A       1%          1
 Ensorcelled Hibernation  Hex/Ice        36%        N/A       1%          2
 Jinxbite                 Hex            60%        N/A       1%          2
 Necrotise                Necr           24%        1d5       2%          1
 Summon Small Mammal      Summ           24%        N/A       2%          1
 Hailstorm                Conj/Ice       24%        3d7       2%          3
 Fulminant Prism          Conj/Hex       18%        3d10      3%          4
 Cigotuvi's Dreadful Rot  Necr/Pois/Air  12%        N/A       4%          2
 Ignite Poison            Fire/Tmut/Pois 6%         N/A       9%          3
 Anguish                  Hex/Necr       9%         N/A       12%         4
 Summon Ice Beast         Ice/Summ       6%         N/A       26%         4
 Freezing Cloud           Conj/Ice/Air   9%         6-21      30%         5
 Simulacrum               Ice/Necr       Unusable   N/A       N/A         6

Dungeon Overview and Level Annotations

Branches:
Dungeon (7/15)             Temple (1/1) D:7

Altars:
Ashenzari
Cheibriados
Dithmenos
Fedhas
Gozag
Hepliaklqana
Kikubaaqudgha
Makhleb
Nemelex Xobeh
Okawaru
Qazlal
Ru
Sif Muna
Trog
Uskayaw
Vehumet
Wu Jian
Xom
Yredelemnul

Portals:
Bailey: D:7


Innate Abilities, Weirdness & Mutations

You have hoof-like feet.
You are partially covered in slimy green scales. (AC +2)
You frequently emit foul miasma when damaged in melee.


Message History

The killer bee poisons you!
The centaur shoots an arrow.
The arrow closely misses you.
The arrow misses the killer bee.
The killer bee stings you!
* * * LOW HITPOINT WARNING * * *
You are more poisoned.
The killer bee poisons you!
You emit a cloud of foul miasma!
The centaur shoots an arrow.
The arrow misses you.
The arrow closely misses the killer bee.
Throw: 3 javelins
Press: ? - help, Q - select action, (/) - cycle Shift-Dir - straight line, f/p - centaur
Aim: a centaur, wielding a +0 orcbow (68% to hit)
You throw a javelin.
The javelin pierces through the centaur but does no damage.
* * * LOW HITPOINT WARNING * * *
You feel very sick.
The killer bee is engulfed in dark miasma.
The killer bee is poisoned.
The killer bee stings you.
* * * LOW HITPOINT WARNING * * *
You are lethally poisoned!
The killer bee poisons you!
The killer bee is engulfed in dark miasma.
The killer bee looks even sicker.
The killer bee seems to slow down.
The killer bee stings you but does no damage.
The centaur shoots an arrow.
The arrow barely misses you.
The arrow closely misses the killer bee.
The killer bee is engulfed in dark miasma.
The killer bee looks even sicker.
The killer bee seems to slow down.
You kill the killer bee!
Your Stealth skill increases to level 5!
You feel better.
The centaur shoots an arrow.
The arrow hits you.
* * * LOW HITPOINT WARNING * * *
Casting: Magic Dart (safe; 1% risk of failure)
Confirm with . or Enter, or press ? or * to list all spells.
Casting: Dazzling Flash (safe; 1% risk of failure)
Press: ? - help, Dir - look around, f - activate The centaur is dazzled.
The centaur shoots an arrow.
The arrow hits you.
* * * LOW HITPOINT WARNING * * *
The centaur shoots an arrow.
The arrow hits you!
You die...
Your body crumbles into a pile of gold.

**,,,,,,,,,,**,*,,******,*,****
*,,,,,,.(..##.#,,,,,,,,,*,,,,,
***,,,,,..(.#(#****+**********
**,~~~~~~~.#.#****,*****,,,,,
**,,~*##*#~.#.#*,,,,*,,**,,,,,
*,,,~*...#~c..#*,,*,,,,**,,,,,
**,,,~*.∩..~.$.#**,*,**,**,,,,,
*,,,,~*,,,#~.$$#,,,*,*,,,+,,,,,
**,,,,~*****~,#@#*,****,***,,,,,
*,,,,,~~~~~~~,#☼#*,,,,*,,**,,,,,
**,,,,,,,,,,,,,#.#*,,*,,,,**,,,,,
*,,,,,,,,,,,,*##$#****,*****,,,,,
*,,,,,,,,,,,**#..################
**,,,,,,,,,** #..................
*,,,,,,,,** #..###...###..##...
**,,,,,**,***#......### ##.##...
**,,,***,**.........** #......


You could see a centaur (blind, unable to see you).

Vanquished Creatures
  Sigmund (D:5)
  Eustachio (D:5)
  Menkaure (D:7)
  A steam dragon (D:4)
  A water moccasin (D:6)
  An ice beast (D:6)
  A sky beast (D:6)
  An ogre (D:5)
  A phantom (D:5)
  A kobold brigand (D:4)
  A gnoll sergeant (D:5)
  A scorpion (D:6)
  3 killer bees (D:7)
  An orc priest (D:4)
  2 hounds
  A gnoll bouda (D:7)
  2 jellies
  An orc wizard (D:4)
  Natasha (thrice) (D:3)
  3 iguanas
  20 gnolls
  8 adders
  A white imp (D:5)
  4 ufetubi
  2 worms (D:3)
  2 dart slugs
  10 orcs
  5 ball pythons
  10 endoplasms
  4 giant cockroaches
  14 goblins
  7 hobgoblins
  4 jackals (D:3)
  7 quokkas
  7 bats
  4 frilled lizards
  9 kobolds
  3 rats
149 creatures vanquished.

Notes
Turn   | Place    | Note
-------+----------+-------------------------------------------
     0 | D:1      | croobank the Demonspawn Conjurer began the quest for the
                  | Orb.
     0 | D:1      | Reached XP level 1. HP: 13/13 MP: 3/3
   194 | D:1      | Gained mutation: You are partially covered in slimy green
                  | scales. (AC +2) [demonic ancestry]
   194 | D:1      | Reached XP level 2. HP: 19/19 MP: 0/5
   250 | D:1      | Learned a level 2 spell: Searing Ray
   536 | D:1      | Found a faded altar of an unknown god.
   787 | D:1      | Gained mutation: You may rarely emit foul miasma when
                  | damaged in melee. [demonic ancestry]
   787 | D:1      | Reached XP level 3. HP: 19/24 MP: 1/6
  1191 | D:2      | Learned a level 3 spell: Dazzling Flash
  1360 | D:2      | Noticed Natasha
  1467 | D:3      | Killed Natasha
  1468 | D:3      | Gained mutation: You have large cloven feet. [demonic
                  | ancestry]
  1468 | D:3      | Reached XP level 4. HP: 14/31 MP: 0/7
  1911 | D:2      | Reached skill level 1 in Fighting
  1982 | D:2      | You fall into a shaft and drop 2 floors!
  1983 | D:4      | Noticed a steam dragon
  1990 | D:4      | Killed a steam dragon
  1991 | D:4      | Reached skill level 1 in Hexes
  1991 | D:4      | Gained mutation: You sometimes emit foul miasma when
                  | damaged in melee. [demonic ancestry]
  1991 | D:4      | Reached XP level 5. HP: 33/37 MP: 1/9
  2154 | D:4      | Reached XP level 6. HP: 43/44 MP: 4/10
  2205 | D:4      | Reached skill level 5 in Conjurations
  2412 | D:4      | Found a bloodstained altar of Trog.
  2573 | D:4      | Found an ancient bone altar of Kikubaaqudgha.
  2574 | D:4      | Found a shimmering blue altar of Sif Muna.
  2593 | D:4      | Found a snail-covered altar of Cheibriados.
  2974 | D:3      | Found an ornate altar of the Wu Jian Council.
  3034 | D:3      | Learned a level 4 spell: Iskenderun's Mystic Blast
  3192 | D:3      | Noticed Natasha
  3196 | D:3      | Killed Natasha
  3393 | D:3      | Noticed Natasha
  3400 | D:3      | Killed Natasha
  3401 | D:3      | Gained mutation: You have hoof-like feet. [demonic
                  | ancestry]
  3401 | D:3      | Reached XP level 7. HP: 40/51 MP: 4/12
  4912 | D:5      | Entered Level 5 of the Dungeon
  4940 | D:5      | Noticed Sigmund
  4963 | D:5      | Killed Sigmund
  5204 | D:5      | Reached skill level 1 in Translocations
  5411 | D:5      | Noticed Eustachio
  5418 | D:5      | Killed Eustachio
  5419 | D:5      | Reached XP level 8. HP: 51/58 MP: 9/14
  7032 | D:6      | Reached skill level 1 in Maces & Flails
  7418 | D:7      | Upgraded the game from 0.31-a0-1278-g11c5b68f87 to
                  | 0.31-a0-1300-gb6740aa4e6
  7440 | D:7      | Found a staircase to the Ecumenical Temple.
  7445 | Temple   | Entered the Ecumenical Temple
  7464 | Temple   | Became a worshipper of Gozag Ym Sagoz the Greedy
  7486 | D:7      | Noticed Menkaure
  7494 | D:7      | Killed Menkaure
  7495 | D:7      | Reached skill level 6 in Conjurations
  7537 | D:7      | Gained mutation: You frequently emit foul miasma when
                  | damaged in melee. [demonic ancestry]
  7537 | D:7      | Reached XP level 9. HP: 39/65 MP: 2/15
  7571 | D:7      | Found a flagged portal.
  7584 | D:7      | HP: 3/65 [centaur/arrow (11)]
  7588 | D:7      | Reached skill level 5 in Stealth
  7589 | D:7      | Shot with an arrow by a centaur

Illustrated notes

Levels and vault maps discovered:
D:1:      nicolae_arrival_washed_ashore, layout_basic, basic_ecumenical_altar
D:2:      kennysheep_six_static_rooms, layout_rooms, uniq_natasha
D:3:      layout_loops_corners, mainiacjoe_overflow_small_starburst,
          kennysheep_generic_room_7
D:4:      layout_basic, overflow_temple_1_default,
          nicolae_overflow_quartered_altars
D:5:      layout_loops_ring, uniq_sigmund, uniq_eustachio
D:6:      layout_basic, kennysheep_small_spiral, grunt_decor_resistance
D:7:      layout_cave_pods, minmay_temple_entry_steel_oval, enter_bailey_3,
          minmay_the_grid_2x2 [minmay_the_grid_empty, minmay_the_grid_embedded,
          minmay_the_grid_box_x, minmay_the_grid_prize_shrinking_boxes],
          uniq_menkaure
Temple:   nicolae_temple_slightly_damp_pantheon

Skill      XL: |  1  2  3  4  5  6  7  8  9 |
---------------+----------------------------+-----
Dodging        | 2 3 4 |  4.5
Stealth        | 2 3 4 5 |  5.0
Fighting       | 1 2 3 4 |  4.1
Spellcasting   | 3 4 |  4.6
Hexes          | 1 2 3 4 |  4.0
Conjurations   | 5 6 |  6.1
Translocations | 1 2 |  2.6
Maces & Flails | 1 |  1.6

Action                     |  1- 3 |  4- 6 |  7- 9 || total
---------------------------+-------+-------+-------++-------
  Melee: Unarmed           |     1 |       |       ||     1
         Whip              |     6 |    38 |    74 ||   118
         Kick              |       |     8 |    19 ||    27
         Punch             |       |       |     3 ||     3
  Throw: Javelin           |       |     2 |     4 ||     6
         Dart              |       |     1 |       ||     1
         Throwing net      |       |       |     2 ||     2
   Cast: Magic Dart        |    40 |    29 |    45 ||   114
         Searing Ray       |     9 |    29 |    40 ||    78
         Dazzling Flash    |       |       |     5 ||     5
    Use: Potion            |       |     1 |     7 ||     8
         Scroll            |       |       |    19 ||    19
   Stab: Sleeping          |       |     2 |     1 ||     3
         Held in net/web   |       |       |     1 ||     1
 Armour: Robe              |    12 |    37 |   118 ||   167
  Dodge: Dodged            |     4 |    24 |   106 ||   134

Table legend: (Time is in decaauts)
 A = Elapsed time spent in this place.
 B = Non-inter-level travel time spent in this place.
 C = Inter-level travel time spent in this place.
 D = Time resting spent in this place.
 E = Time spent auto-exploring this place.
 F = Levels seen in this place.
 G = Mean time per level.
                   A        B        C        D        E       F      G
               +--------+--------+--------+--------+--------+-----+--------+
         Total |   7599 |   7210 |    389 |   1590 |   4319 |   8 |  949.9 |
       Dungeon |   7560 |   7208 |    352 |   1590 |   4319 |   7 | 1080.0 |
        Temple |     38 |      1 |     37 |      0 |      0 |   1 |   38.0 |
               +--------+--------+--------+--------+--------+-----+--------+

Top non-repeatable levels by time:
     D:3: 1579 daAuts
     D:6: 1336 daAuts
     D:5: 1170 daAuts
     D:1: 1120 daAuts
     D:4: 1117 daAuts
     D:2: 1101 daAuts
     D:7: 135 daAuts
  Temple: 38 daAuts
